 Dungeon Crawl Stone Soup version 0.29.1-1-gd02db6906a (webtiles) character file.

Game seed: 10224404623240508453

82 masschaos23 the Trooper (level 4, -1/41 HPs)
             Began as a Hill Orc Fighter on Sept 25, 2022.
             Killed from afar by a steam dragon (7 damage)
             ... with a ball of steam
             ... on level 4 of the Dungeon.
             The game lasted 00:04:00 (2608 turns).

masschaos23 the Trooper (Hill Orc Fighter)          Turns: 2608, Time: 00:04:01

Health: -1/41      AC: 13    Str: 20    XL:     4   Next: 43%
Magic:  4/4        EV:  5    Int:  8    God:
Gold:   139        SH:  9    Dex: 10    Spells: 3/3 levels left

rFire   . . .      SeeInvis .   a - +1 war axe
rCold   . . .      Faith    .   c - +0 buckler
rNeg    . . .      Spirit   .   o - +0 plate armour
rPois   .          Reflect  +   h - +2 hat
rElec   .          Harm     .   (no cloak)
rCorr   .          Rampage  .   (no gloves)
Will    .....                   (no boots)
Stlth   ..........              q - amulet of reflection
HPRegen 0.13/turn               (no ring)
MPRegen 0.09/turn               (no ring)

@: no status effects
A: no striking features
a: no special abilities


You were on level 4 of the Dungeon.
You visited 1 branch of the dungeon, and saw 4 of its levels.

You collected 139 gold pieces.

Inventory:

Hand Weapons
 a - a +1 war axe (weapon)
Missiles
 s - 6 datura-tipped darts (quivered)
Armour
 c - a +0 buckler (worn)
 h - a +2 hat (worn)
 o - a +0 plate armour (worn)
Magical Staves
 b - a staff of earth
Jewellery
 q - an amulet of reflection (around neck)
Scrolls
 e - a scroll of amnesia
 j - a scroll of magic mapping
 r - a scroll of fear {unknown}
 t - a scroll of brand weapon {unknown}
Potions
 d - 3 potions of might
 f - 2 potions of heal wounds
 g - a potion of invisibility
 i - 4 potions of curing {unknown}
 k - a potion of attraction {unknown}
 l - a potion of lignification {unknown}
 m - 2 potions of degeneration {unknown}
 n - 2 potions of haste {unknown}
 p - a potion of resistance {unknown}
 u - a potion of berserk rage {unknown}
 v - a potion of mutation {unknown}


   Skills:
 + Level 4.3 Fighting
 + Level 3.8 Axes
 + Level 4.0 Armour
 + Level 3.9 Shields


You had 3 spell levels left.
You didn't know any spells.
Your spell library contained the following spells:

 Spells                   Type           Power      Damage    Failure   Level
 Magic Dart               Conj           0%         1d3       100%        1
 Sandblast                Erth           0%         2d4       100%        1
 Call Imp                 Summ           0%         N/A       100%        2
 Passwall                 Tmut/Erth      0%         N/A       100%        2
 Sublimation of Blood     Necr           0%         N/A       100%        2
 Wereblood                Tmut           0%         N/A       100%        2
 Mephitic Cloud           Conj/Pois/Air  0%         N/A       100%        3
 Stone Arrow              Conj/Erth      0%         3d7       100%        3
 Summon Hydra             Summ           0%         N/A       100%        7


Dungeon Overview and Level Annotations

Branches:
Dungeon (4/15)
 Temple: D:4-7

Altars:
Hepliaklqana


Message History

You block the steam dragon's attack.
The steam dragon claws you but does no damage.
You barely miss the steam dragon. You block the steam dragon's attack.
The steam dragon claws you but does no damage.
You hit the steam dragon.
The steam dragon is lightly wounded.
You block the steam dragon's attack.
The steam dragon claws you but does no damage.
The steam dragon bites you!
The steam dragon claws you but does no damage.
You hit the steam dragon.
The steam dragon is lightly wounded.
The steam dragon bites you but does no damage.
You block the steam dragon's attack.
You slash the steam dragon!
The steam dragon is heavily wounded.
The steam dragon completely misses you.
The steam dragon claws you but does no damage.
You barely miss the steam dragon.
The steam dragon is heavily wounded.
The steam dragon breathes steam at you. The ball of steam hits you!
You block the steam dragon's attack. The steam dragon barely misses you.
You barely miss the steam dragon.
The steam dragon is heavily wounded.
You are engulfed in a cloud of scalding steam.
The steam dragon bites you.
* * * LOW HITPOINT WARNING * * *
The steam dragon claws you but does no damage.
You completely miss the steam dragon.
The steam dragon is heavily wounded.
You block the steam dragon's attack. The steam dragon barely misses you.
You barely miss the steam dragon.
The steam dragon is heavily wounded.
The steam dragon bites you.
* * * LOW HITPOINT WARNING * * *
The steam dragon claws you but does no damage.
The steam dragon breathes steam at you. The ball of steam hits you!
You die...

#.≈. .#.≈ #.#### #.≈.# .#.≈.
#..... #.≈. .≈.#.≈. #.....
#.≈. ##.≈.#.≈.# ##.....
#.≈.###...≈.#.≈..###......
#.≈..§o≈≈≈≈.#.≈...........
#.≈≈≈≈≈.....#.≈...........
#...[..######.≈...........
#.#######oD@....≈...........
#........≈≈≈≈≈≈≈≈......####.
#######.###............# #.
#...............[# #.
#####............# #.
############## ##


You could see a steam dragon (catching breath) and an orc.

Vanquished Creatures
  An orc wizard (D:3)
  An adder (D:2)
  3 dart slugs
  3 endoplasms
  2 giant cockroaches
  3 goblins
  2 hobgoblins
  7 jackals
  4 kobolds
  3 quokkas
  7 ball pythons
  2 bats
  3 frilled lizards
  A rat (D:2)
42 creatures vanquished.

Notes
Turn   | Place    | Note
-------+----------+-------------------------------------------
     0 | D:1      | masschaos23 the Hill Orc Fighter began the quest for the
                  | Orb.
     0 | D:1      | Reached XP level 1. HP: 19/19 MP: 1/1
   201 | D:1      | Reached XP level 2. HP: 27/27 MP: 2/2
   582 | D:1      | You fall into a shaft and drop 1 floor!
   650 | D:2      | Reached XP level 3. HP: 21/33 MP: 3/3
  1873 | D:3      | Found a faded altar of an unknown god.
  2191 | D:3      | Found a hazy altar of Hepliaklqana.
  2196 | D:3      | Reached XP level 4. HP: 35/41 MP: 4/4
  2236 | D:3      | Found a faded altar of an unknown god.
  2590 | D:4      | Noticed a steam dragon
  2608 | D:4      | Killed from afar by a steam dragon

Illustrated notes

Levels and vault maps discovered:
D:1:      erik_arrival_orb_chamber, layout_basic, grunt_decor_one_mirror,
          hangedman_glass_teeth, serial_bayou_ford_a, minmay_tetromino_o2
D:2:      layout_rooms
D:3:      layout_loops_ring, beargit_hepliaklqana_dungeon_heroes,
          hellmonk_ecumenical_altar_lost_god, grunt_decor_clamped
D:4:      layout_basic, nicolae_overflow_squiral,
          gammafunk_temple_overflow_forgotten, minmay_temple_entry_glassed_door,
          hangedman_decor_opposing, grunt_decor_fettered

Skill      XL: |  1  2  3 |
---------------+----------+-----
Axes           | 3 |  3.8
Fighting       | 4 |  4.3
Armour         | 4 |  4.0
Shields        | |  3.9

Action                   |  1- 3 |  4- 6 || total
-------------------------+-------+-------++-------
Melee: War axe           |   108 |     9 ||   117
  Use: Scroll            |     7 |       ||     7
Armor: Scale mail        |    44 |       ||    44
       Plate armour      |    17 |     9 ||    26
Dodge: Dodged            |    55 |     3 ||    58
Block: Buckler           |    37 |     6 ||    43
       Reflection        |     1 |       ||     1
